 Dungeon Crawl Stone Soup version 0.29-a0-338-g1ff7896281 (webtiles) character file.

Game seed: 7048599175607305567

967 zishaf the Covert (level 8, -1/43 HPs)
             Began as a Vine Stalker Brigand on Apr 18, 2022.
             Slain by a sky beast (3 damage)
             ... on level 5 of the Dungeon.
             The game lasted 00:09:05 (4446 turns).

zishaf the Covert (Vine Stalker Brigand)            Turns: 4446, Time: 00:09:06

Health: -1/43      AC:  7    Str: 15    XL:     8   Next: 15%
Magic:  0/9        EV: 10    Int: 11    God:
Gold:   377        SH:  0    Dex: 17    Spells: 7/7 levels left

rFire   . . .      SeeInvis .   a - +2 dagger
rCold   . . .      Faith    .   (no shield)
rNeg    . . .      Spirit   +   f - +0 ring mail
rPois   +          Reflect  .   j - +0 helmet
rElec   .          Harm     .   c - +0 cloak
rCorr   .          Rampage  .   (no gloves)
Will    +....                   (no boots)
Stlth   +++.......              y - amulet of magic regeneration
HPRegen 0.94/turn               C - ring of poison resistance
MPRegen 0.51/turn               (no ring)

@: no status effects
A: fangs 3, regeneration 1, magic shield, antimagic bite, no potion heal 2
a: no special abilities


You were on level 5 of the Dungeon.
You visited 1 branch of the dungeon, and saw 5 of its levels.
You also visited: Sewer.

You collected 377 gold pieces.

Inventory:

Hand Weapons
 a - a +2 dagger (weapon)
 w - a +1 rapier of holy wrath
Missiles
 d - 27 poisoned darts (quivered)
 e - 3 curare-tipped darts
 B - 4 boomerangs
Armour
 b - a +0 robe
 c - a +0 cloak (worn)
 f - a +0 ring mail (worn)
 j - a +0 helmet (worn)
Jewellery
 p - a +6 ring of intelligence
 y - an amulet of magic regeneration (around neck)
 C - a ring of poison resistance (left hand)
Wands
 r - a wand of iceblast (1)
 t - a wand of flame (28)
Scrolls
 h - a scroll of vulnerability
 i - 2 scrolls of fear
 k - a scroll of teleportation
 u - 2 scrolls of noise {unknown}
 z - 3 scrolls of identify
 A - a scroll of amnesia {unknown}
Potions
 g - a potion of magic
 l - a potion of invisibility
 m - 3 potions of flight
 n - a potion of resistance
 o - 2 potions of brilliance
 q - a potion of curing
 s - a potion of degeneration
 v - 3 potions of heal wounds
 x - a potion of ambrosia


   Skills:
 + Level 5.1 Fighting
 + Level 5.0 Short Blades
 - Level 1.7 Throwing
 - Level 0.7 Dodging
 + Level 8.4 Stealth


You had 7 spell levels left.
You didn't know any spells.
Your spell library contained the following spells:

 Spells                   Type           Power      Damage    Failure   Level
 Sandblast                Erth           0%         2d4       56%         1
 Shock                    Conj/Air       0%         1d3       56%         1
 Passwall                 Tmut/Erth      0%         N/A       71%         2
 Static Discharge         Conj/Air       0%         N/A       71%         2
 Sublimation of Blood     Necr           0%         N/A       71%         2
 Stone Arrow              Conj/Erth      0%         3d7       91%         3
 Swiftness                Air            0%         N/A       91%         3
 Airstrike                Air            0%         N/A       100%        4
 Petrify                  Tmut/Erth      0%         N/A       100%        4
 Irradiate                Conj/Tmut      0%         3d13      100%        5
 Lightning Bolt           Conj/Air       0%         1d11      100%        5
 Maxwell's Capacitive Co  Air            0%         ∞         100%        8


Dungeon Overview and Level Annotations

Branches:
Dungeon (5/15)              Sewer (visited)
 Temple: D:4-7

Altars:
Gozag
Makhleb

Annotations:
D:3 3 runed translucent doors, pigah's ghost, amateur OpAE


Innate Abilities, Weirdness & Mutations

You have razor-sharp teeth.
Your natural rate of healing is unusually fast.
When hurt, damage is shared between your health and your magic reserves.
Your bite disrupts and absorbs the magic of your enemies.
Potions cannot restore your health.


Message History

Something shocks you.
You hit something. You closely miss something. Your bite misses something.
Something hits you but does no damage.
You hit something but do no damage. Your bite misses something.
Something hits you but does no damage.
You miss something. Your bite misses something. Something hits you.
Something shocks you.
You barely miss something. You hit something but do no damage.
Your bite misses something. Something hits you but does no damage.
You closely miss something. Your bite misses something. Something hits you.
Something shocks you.
You closely miss something. Your bite misses something. You miss something.
Something hits you but does no damage.
You hit something but do no damage. Something hits you. Something shocks you.
You closely miss something. Something hits you. Something shocks you.
* * * LOW HITPOINT WARNING * * *
You closely miss something. Something hits you.
* * * LOW HITPOINT WARNING * * *
Something shocks you.
* * * LOW HITPOINT WARNING * * *
You miss something. You bite something. You drain its power.
You feel invigorated.
You hit something but do no damage. Something hits you but does no damage.
You hit something. Something hits you.
* * * LOW HITPOINT WARNING * * *
Something shocks you.
* * * LOW HITPOINT WARNING * * *
You closely miss something. Your bite misses something.
Something hits you but does no damage.
You miss something. Your bite misses something.
You hit something but do no damage. Something hits you.
* * * LOW HITPOINT WARNING * * *
Something shocks you.
* * * LOW HITPOINT WARNING * * *
You hit something but do no damage. Something hits you.
* * * LOW HITPOINT WARNING * * *
Something shocks you.
You die...

#......# #.....#
#......# ###'#####
#......# #........
#......# #........
#......+ #.......>
#......# #........
#......######........
####'#.......#######...
#....#@......# #...
#....#{......# #...
#....#..?....# #...
#....#..##.#########...
#....#..# ..#..........
#....#### .#..........
#.......# #..........
#......## ##.........
#......# #.........


There were no monsters in sight!

Vanquished Creatures
  A sky beast (D:5)
  An ice beast (D:5)
  An ogre (D:5)
  2 kobold brigands (Sewer)
  A necrophage (D:5)
  A scorpion (D:4)
  A howler monkey (D:4)
  2 iguanas
  An iron imp (D:5)
  Natasha (thrice) (D:4)
  Ijyb (D:3)
  4 gnolls
  4 river rats
  3 adders
  An ufetubus (D:5)
  2 worms (D:2)
  3 dart slugs
  9 orcs
  5 endoplasms
  3 giant cockroaches
  9 hobgoblins
  A jackal (Sewer)
  11 kobolds
  4 quokkas
  2 ball pythons
  11 bats
  8 frilled lizards
  6 goblins
  10 rats
111 creatures vanquished.

Vanquished Creatures (others)
  A hobgoblin (D:3)
  3 plants (D:1)
4 creatures vanquished.

Grand Total: 115 creatures vanquished

Notes
Turn   | Place    | Note
-------+----------+-------------------------------------------
     0 | D:1      | zishaf the Vine Stalker Brigand began the quest for the
                  | Orb.
     0 | D:1      | Reached XP level 1. HP: 11/11 MP: 2/2
   104 | D:1      | Reached skill level 5 in Stealth
   104 | D:1      | Reached XP level 2. HP: 6/15 MP: 1/3
   341 | D:1      | Reached XP level 3. HP: 11/18 MP: 4/4
  1058 | D:2      | Gained mutation: Your natural rate of healing is unusually
                  | fast. [Vine Stalker growth]
  1058 | D:2      | Reached XP level 4. HP: 18/23 MP: 5/5
  1530 | D:3      | Found a runed translucent door.
  1530 | D:3      | Noticed pigah's ghost (amateur OpAE)
  1546 | D:3      | Noticed Ijyb
  1571 | D:3      | Killed Ijyb
  1636 | D:3      | Found a large runed translucent door.
  1640 | D:3      | Found a large runed translucent door.
  1991 | D:3      | Reached skill level 6 in Stealth
  1998 | D:3      | Reached XP level 5. HP: 28/28 MP: 4/6
  2613 | D:4      | Noticed Natasha
  2620 | D:4      | Killed Natasha
  2730 | D:4      | Found a glowing drain.
  2734 | Sewer    | Entered a sewer
  2764 | Sewer    | Reached XP level 6. HP: 16/32 MP: 2/7
  2999 | Sewer    | Reached skill level 7 in Stealth
  3062 | Sewer    | Found a glowing silver altar of Zin.
  3195 | D:4      | Noticed Natasha
  3201 | D:4      | Killed Natasha
  3219 | D:4      | Noticed Natasha
  3228 | D:4      | Killed Natasha
  3481 | D:4      | Reached XP level 7. HP: 25/37 MP: 6/8
  3533 | D:4      | Found an opulent altar of Gozag.
  3944 | D:5      | Entered Level 5 of the Dungeon
  4040 | D:5      | Reached skill level 8 in Stealth
  4059 | D:5      | Gained mutation: You have razor-sharp teeth. [Vine Stalker
                  | growth]
  4059 | D:5      | Reached XP level 8. HP: 22/42 MP: 9/9
  4126 | D:5      | Reached skill level 5 in Fighting
  4126 | D:5      | Reached skill level 5 in Short Blades
  4347 | D:5      | Found a burning altar of Makhleb.
  4446 | D:5      | HP: 2/43 [something (1)]
  4446 | D:5      | Slain by a sky beast

Illustrated notes

Levels and vault maps discovered:
D:1:      dpeg_arrival_tiny_k, layout_rooms, nicolae_grassy_gnolls
D:2:      minmay_evil_eye, layout_basic, ebering_dispersal_statue_hall
D:3:      layout_basic, jmf_multi_god_temple2, gammafunk_ghost_grave, uniq_ijyb
D:4:      layout_gridville, kennysheep_mini, gup_sewer_entry_bowl, uniq_natasha
D:5:      layout_gridville, makhleb_grotto_becter,
          minmay_temple_entry_antechambers

Skill      XL: |  1  2  3  4  5  6  7  8 |
---------------+-------------------------+-----
Fighting       | 2 3 4 5 |  5.1
Short Blades   | 2 3 4 5 |  5.0
Stealth        | 5 6 7 8 |  8.4
Throwing       | |  1.7
Dodging        | |  0.7

Action                   |  1- 3 |  4- 6 |  7- 9 || total
-------------------------+-------+-------+-------++-------
Melee: Dagger            |   106 |   282 |   150 ||   538
       Bite              |    23 |    75 |    46 ||   144
       Punch             |     1 |     9 |     2 ||    12
  Use: Scroll            |       |    10 |     2 ||    12
 Stab: Sleeping          |     2 |     5 |     3 ||    10
       Distracted        |     1 |       |       ||     1
Armor: Ring mail         |    57 |    94 |    39 ||   190
       Robe              |     1 |       |       ||     1
Dodge: Dodged            |    62 |   106 |    41 ||   209

Table legend: (Time is in decaauts)
 A = Elapsed time spent in this place.
 B = Non-inter-level travel time spent in this place.
 C = Inter-level travel time spent in this place.
 D = Time resting spent in this place.
 E = Time spent auto-exploring this place.
 F = Levels seen in this place.
 G = Mean time per level.
                   A        B        C        D        E       F      G
               +--------+--------+--------+--------+--------+-----+--------+
         Total |   4423 |   4256 |    167 |     46 |   2973 |   6 |  737.2 |
       Dungeon |   4002 |   3835 |    167 |      0 |   2855 |   5 |  800.4 |
         Sewer |    421 |    421 |      0 |     46 |    118 |   1 |  421.0 |
               +--------+--------+--------+--------+--------+-----+--------+

Top non-repeatable levels by time:
     D:4: 1126 daAuts
     D:3: 956 daAuts
     D:1: 757 daAuts
     D:2: 684 daAuts
     D:5: 477 daAuts
   Sewer: 421 daAuts
